 Dungeon Crawl Stone Soup version 0.29-a0-271-gd4eb659eea (webtiles) character file.

Game seed: 11039552767098895385

16431 Ijustatesigmund the Cleaver (level 12, -1/112 HPs)
             Began as a Minotaur Fighter on Mar 8, 2022.
             Was an Elder of the Shining One.
             Killed from afar by a deep elf zephyrmancer (23 damage)
             ... with a bolt of lightning
             ... on level 11 of the Dungeon.
             The game lasted 00:22:32 (12042 turns).

Ijustatesigmund the Cleaver (Minotaur Fighter)     Turns: 12042, Time: 00:22:32

Health: -1/112     AC:  9    Str: 33    XL:     12   Next: 10%
Magic:  17/17      EV: 14    Int:  5    God:    the Shining One [****..]
Gold:   440        SH:  6    Dex: 15    Spells: 11/11 levels left

rFire   . . .      SeeInvis .   a - +1 war axe (protect)
rCold   . . .      Faith    .   c - +1 buckler
rNeg    + + .      Spirit   .   b - +0 acid dragon scales
rPois   .          Reflect  .   h - +1 hat
rElec   .          Harm     .   (no cloak)
rCorr   +          Rampage  .   (no gloves)
Will    .....                   (no boots)
Stlth   +.........              r - amulet of regeneration
HPRegen 1.08/turn               m - +6 ring of dexterity
MPRegen 0.15/turn               o - +6 ring of strength

@: glowing
A: horns 2, retaliatory headbutt
a: Renounce Religion, Divine Shield, Cleansing Flame


You were on level 11 of the Dungeon.
You worshipped the Shining One.
The Shining One was greatly pleased with you.
You visited 1 branch of the dungeon, and saw 11 of its levels.

You collected 500 gold pieces.
You spent 60 gold pieces at shops.

Inventory:

Hand Weapons
 a - a +1 war axe of protection (weapon)
 i - a +0 morningstar of holy wrath
 v - a +0 broad axe
Missiles
 d - a throwing net
 x - 5 curare-tipped darts (quivered)
Armour
 b - +0 acid dragon scales (worn)
 c - a +1 buckler (worn)
 h - a +1 hat (worn)
Jewellery
 j - a ring of wizardry
 m - a +6 ring of dexterity (left hand)
 o - a +6 ring of strength (right hand)
 r - an amulet of regeneration (around neck)
Wands
 t - a wand of iceblast (2)
 u - a wand of flame (9)
Scrolls
 k - a scroll of summoning
 n - 2 scrolls of magic mapping
 p - 2 scrolls of teleportation
 z - a scroll of blinking
 B - a scroll of fear
 D - a scroll of fog
Potions
 e - a potion of cancellation
 f - 3 potions of magic
 g - 2 potions of curing
 l - 2 potions of flight
 q - a potion of brilliance
 A - a potion of ambrosia
 C - a potion of berserk rage
 E - 2 potions of attraction
Miscellaneous
 s - a phantom mirror


   Skills:
 + Level 12.1 Fighting
 + Level 12.2 Axes
 - Level 8.2 Armour
 + Level 6.4 Dodging
 - Level 5.6 Shields
 + Level 9.1 Invocations
 - Level 5.2 Evocations


You had 11 spell levels left.
You didn't know any spells.
Your spell library contained the following spells:

 Spells                   Type           Power      Damage    Failure   Level
 Slow                     Hex            0%         N/A       61%         1
 Corpse Rot               Necr/Air       0%         N/A       75%         2
 Poisonous Vapours        Pois/Air       0%         N/A       75%         2
 Confusing Touch          Hex            0%         N/A       93%         3
 Vampiric Draining        Necr           0%         2d6       93%         3
 Animate Dead             Necr           0%         N/A       100%        4
 Haunt                    Necr/Summ      0%         N/A       100%        7
 Infestation              Necr           0%         N/A       100%        8


Dungeon Overview and Level Annotations

Branches:
Dungeon (11/15)            Temple (0/1) D:4            Lair (0/6) D:10
    Orc (0/2) D:9

Altars:
Elyvilon
Fedhas
Gozag
Hepliaklqana
Makhleb
Nemelex Xobeh
Sif Muna
Uskayaw
Wu Jian
Xom
Yredelemnul
The Shining One

Shops:
D:4 *   D:6 (*   D:7 =   D:8 [


Innate Abilities, Weirdness & Mutations

You have a pair of horns on your head.
You reflexively headbutt those who attack you in melee.


Message History

The deep elf zephyrmancer hits you with a +0 short sword.
The gnoll hits you from afar with a +0 spear.
You hit the deep elf zephyrmancer.
The deep elf zephyrmancer is severely wounded.
The deep elf zephyrmancer hits you with a +0 short sword.
You block the gnoll's attack.
You slash the deep elf zephyrmancer!
The deep elf zephyrmancer is almost dead.
The deep elf zephyrmancer casts a spell.
The deep elf zephyrmancer blinks!
You block the gnoll's attack.
The gnoll hits you from afar with a +0 halberd.
The gnoll hits you but does no damage.
You slash the gnoll! You headbutt the gnoll.
You kill the gnoll!
The gnoll hits you from afar with a +0 halberd.
The deep elf zephyrmancer casts a spell.
The deep elf zephyrmancer blinks!
The deep elf zephyrmancer points at you and mumbles some strange words.
The bolt of lightning misses you.
You slice the deep elf zephyrmancer!!
You kill the deep elf zephyrmancer!
The gnoll misses you.
The deep elf zephyrmancer casts a spell.
The deep elf zephyrmancer blinks!
You block the gnoll's attack.
There is a stone staircase leading up here.
The gnoll hits you but does no damage.
You climb upwards.
There is a stone staircase leading down here.
You start resting.
HP restored.
You climb downwards.
The deep elf zephyrmancer casts a spell at you.
The bolt of lightning hits you!!! The bolt of lightning hits you!!
There is a stone staircase leading up here.
The deep elf zephyrmancer casts a spell at you.
The bolt of lightning hits you!!
* * * LOW HITPOINT WARNING * * *
The bolt of lightning hits you!!
You die...

...##.................. .......##
. +........e......######........
..##..................##........
.........##'#..)..###.##........
##.....<.##.#.)[.e###.##........
#.......##+#........[........#.
..........[...$...g.............
...........○○.)#....)[.((........
...........°...#@.)..)...####....
..............###..[....##......
.....§........# #.......#####...
..............# #####+###.......
....###....# ###.# #....... ....
#....#####.#.# #....... ...
#..........#'###....... ..
##.#........"".........
#.#..........[........


You could see 2 deep elf zephyrmancers and a gnoll.

Vanquished Creatures
  A boulder beetle (D:11)
  6 two-headed ogres
  Nergalle (D:10)
  3 deep elf pyromancers
  3 deep elf zephyrmancers (D:11)
  Joseph (D:7)
  A gargoyle (D:11)
  3 unseen horrors (D:7)
  A kobold demonologist (D:11)
  A troll (D:11)
  2 hornets
  A wyvern (D:8)
  2 vampires
  A wraith (D:10)
  A shadow (D:8)
  9 yaks
  3 vampire mosquitoes
  2 steam dragons
  A water moccasin (D:6)
  2 acid dragons (D:11)
  Duvessa (D:6)
  3 orc warriors
  4 sky beasts
  2 ice beasts
  3 centaurs
  An ogre (D:7)
  A phantom (D:9)
  4 kobold brigands
  6 bullfrogs
  A necrophage (D:6)
  A gnoll sergeant (D:11)
  4 scorpions
  4 wights
  Dowan (D:6)
  6 killer bees (D:8)
  A howler monkey (D:4)
  3 hounds
  4 orc priests
  2 gnoll shamans
  A jelly (D:4)
  2 iguanas
  9 orc wizards
  8 ogre zombies (D:9)
  18 gnolls
  7 adders
  A shadow imp (D:8)
  A white imp (D:6)
  3 worms
  5 dart slugs
  47 orcs
  8 ball pythons
  4 endoplasms
  3 giant cockroaches
  4 goblins
  8 hobgoblins
  8 jackals
  4 quokkas
  6 bats
  4 frilled lizards
  2 goblin skeletons (D:9)
  2 goblin zombies (D:9)
  A hobgoblin skeleton (D:9)
  2 hobgoblin zombies (D:9)
  17 kobolds
  3 orc skeletons (D:9)
  14 orc zombies (D:9)
  23 rats
312 creatures vanquished.

Vanquished Creatures (collateral kills)
  A kobold (D:2)
1 creature vanquished.

Vanquished Creatures (others)
  A hobgoblin zombie (D:9)
  15 plants
16 creatures vanquished.

Grand Total: 329 creatures vanquished

Notes
Turn   | Place    | Note
-------+----------+-------------------------------------------
     0 | D:1      | Ijustatesigmund the Minotaur Fighter began the quest for
                  | the Orb.
     0 | D:1      | Reached XP level 1. HP: 19/19 MP: 0/0
    75 | D:1      | Reached XP level 2. HP: 25/27 MP: 1/1
   231 | D:1      | Reached skill level 1 in Dodging
   522 | D:1      | Reached XP level 3. HP: 31/33 MP: 2/2
   940 | D:2      | Identified a scroll of acquirement
   940 | D:2      | Acquired a +1 hat
  1476 | D:3      | Reached XP level 4. HP: 40/40 MP: 3/3
  1715 | D:3      | Reached XP level 5. HP: 47/47 MP: 4/4
  1858 | D:3      | Reached skill level 5 in Axes
  2095 | D:3      | Found an opulent altar of Gozag.
  2315 | D:3      | Reached skill level 5 in Fighting
  2340 | D:3      | Found a blossoming altar of Fedhas.
  2340 | D:3      | Found an ornate altar of the Wu Jian Council.
  2341 | D:3      | Found a hide-covered altar of Uskayaw.
  2658 | D:4      | Reached XP level 6. HP: 42/56 MP: 5/5
  2820 | D:4      | Found a glowing golden altar of the Shining One.
  2822 | D:4      | Noticed an angel
  2827 | D:4      | Found a basalt altar of Yredelemnul.
  2836 | D:4      | Became a worshipper of the Shining One
  2846 | D:4      | Noticed a profane servitor
  2889 | D:4      | Found a staircase to the Ecumenical Temple.
  2901 | D:4      | You fall into a shaft and drop 3 floors!
  2908 | D:7      | Found Yhienup's Jewellery Shoppe.
  2918 | D:7      | Noticed an ice beast
  2933 | D:7      | Killed an ice beast
  3170 | D:7      | Reached skill level 1 in Invocations
  3242 | D:7      | Noticed Dowan
  3244 | D:7      | Noticed Joseph
  3376 | D:6      | Reached XP level 7. HP: 41/63 MP: 7/7
  3533 | D:5      | Entered Level 5 of the Dungeon
  3764 | D:4      | Found Neschenoe's Assorted Antiques.
  3790 | D:4      | Bought a scroll labelled UCUBBA LICUI for 21 gold pieces
  3790 | D:4      | Bought a viscous inky potion for 18 gold pieces
  3790 | D:4      | Bought a scroll labelled ZUZXID QUOXTIMOEC for 21 gold
                  | pieces
  3990 | D:5      | Reached skill level 5 in Armour
  4108 | D:5      | Reached * piety under the Shining One
  4605 | D:5      | Reached XP level 8. HP: 73/73 MP: 9/9
  4647 | D:5      | Found a shimmering blue altar of Sif Muna.
  4647 | D:5      | Found a white marble altar of Elyvilon.
  4994 | D:6      | Found Esaqazol's General Store.
  5034 | D:6      | Reached skill level 1 in Evocations
  5164 | D:6      | Found Byereox's Weapon Shoppe.
  5775 | D:7      | Noticed Duvessa
  5786 | D:6      | Killed Dowan
  5797 | D:6      | Killed Duvessa
  6010 | D:6      | Reached XP level 9. HP: 81/81 MP: 11/11
  6122 | D:7      | Killed Joseph
  6163 | D:7      | Noticed an unseen horror
  6166 | D:7      | Killed an unseen horror
  6167 | D:7      | Reached skill level 5 in Invocations
  6503 | D:7      | Found a sparkling altar of Nemelex Xobeh.
  6534 | D:7      | Noticed an unseen horror
  6544 | D:7      | Killed an unseen horror
  6597 | D:7      | Noticed an unseen horror
  6608 | D:7      | Killed an unseen horror
  6952 | D:8      | Reached XP level 10. HP: 88/91 MP: 13/13
  7084 | D:8      | Noticed a deep elf pyromancer
  7091 | D:8      | Killed a deep elf pyromancer
  7275 | D:8      | Found Huwuxa's Antique Armour Shop.
  7449 | D:8      | Found a burning altar of Makhleb.
  8224 | D:9      | Reached ** piety under the Shining One
  8345 | D:9      | Noticed a two-headed ogre
  8640 | D:8      | Reached skill level 10 in Axes
  8982 | D:8      | Reached skill level 5 in Shields
  8983 | D:8      | Reached skill level 10 in Fighting
  9334 | D:9      | Reached *** piety under the Shining One
  9346 | D:8      | Reached skill level 5 in Evocations
  9545 | D:9      | Reached **** piety under the Shining One
  9601 | D:9      | Found a staircase to the Orcish Mines.
  9667 | D:9      | Killed a two-headed ogre
 10142 | D:10     | Entered Level 10 of the Dungeon
 10171 | D:10     | Paralysed by a hornet for 2 turns
 10178 | D:10     | Reached XP level 11. HP: 57/101 MP: 15/15
 10440 | D:10     | Noticed a two-headed ogre
 10454 | D:10     | Killed a two-headed ogre
 10477 | D:10     | Noticed Nergalle
 10483 | D:10     | Killed Nergalle
 10579 | D:10     | Noticed a two-headed ogre
 10593 | D:10     | Killed a two-headed ogre
 11101 | D:10     | Found a staircase to the Lair.
 11271 | D:10     | Found a shimmering altar of Xom.
 11272 | D:10     | Found a hazy altar of Hepliaklqana.
 11320 | D:11     | Noticed a two-headed ogre
 11328 | D:11     | Killed a two-headed ogre
 11485 | D:11     | Noticed a two-headed ogre
 11487 | D:11     | Noticed a boulder beetle
 11490 | D:11     | Killed a two-headed ogre
 11491 | D:11     | Reached skill level 5 in Dodging
 11500 | D:11     | Killed a boulder beetle
 11518 | D:11     | Noticed a two-headed ogre
 11533 | D:10     | Killed a two-headed ogre
 11570 | D:11     | Noticed a sun demon
 11621 | D:11     | Noticed a deep elf zephyrmancer
 11660 | D:11     | Noticed a deep elf pyromancer
 11671 | D:11     | Killed a deep elf pyromancer
 11672 | D:11     | Killed a deep elf zephyrmancer
 11691 | D:11     | Noticed a deep elf zephyrmancer
 11697 | D:11     | HP: 4/104 [deep elf zephyrmancer/bolt of lightning (30)]
 11699 | D:11     | Killed a deep elf zephyrmancer
 11700 | D:11     | Reached XP level 12. HP: 6/112 MP: 17/17
 12042 | D:11     | Killed from afar by a deep elf zephyrmancer

Illustrated notes

Levels and vault maps discovered:
D:1:      doesnt_arrival_eight_statues, layout_rooms
D:2:      layout_loops_ring
D:3:      minmay_angry_zag, layout_basic, mainiacjoe_overflow_surrounded_room,
          gammafunk_temple_overflow_forgotten, minmay_rat_hole
D:4:      layout_gridville, grunt_temple_overflow_holy_war,
          minmay_temple_entry_mist, serial_shops, shop
D:5:      layout_loops_ring, grunt_temple_overflow_open,
          nicolae_concentric_dashed_squares_wild, nicolae_grassy_gnolls
D:6:      cheibrodos_iron_armory, layout_loops_corners, serial_shops, shop,
          shop_statue, grunt_ministairs_7
D:7:      layout_cave_pools, nemelex_diamond_rough_becter, serial_shops,
          nicolae_shop_competitors_out_of_business, hangedman_minor_gate_pass,
          uniq_joseph, uniq_duvessa
D:8:      layout_loops_cross, overflow_temple_1_default, serial_shops, shop,
          grunt_ministairs_4
D:9:      layout_cave_pools, zombieorc2_lemuel
D:10:     layout_small_grid, regret_index_temple_of_mockery, lair_entry_dummy,
          uniq_nergalle
D:11:     layout_basic, elves_outpost_lemuel

Skill      XL: |  1  2  3  4  5  6  7  8  9 10 11 12 |
---------------+-------------------------------------+-----
Axes           | 3 4 5 6 7 8 9 10 12 | 12.2
Dodging        | 1 2 3 6 |  6.4
Fighting       | 4 5 6 7 8 9 10 12 | 12.1
Armour         | 4 5 6 8 |  8.2
Invocations    | 1 3 4 5 7 8 9 |  9.1
Evocations     | 2 3 5 |  5.2
Shields        | 5 |  5.6

Action                   |  1- 3 |  4- 6 |  7- 9 | 10-12 || total
-------------------------+-------+-------+-------+-------++-------
Melee: War axe           |    76 |   139 |   200 |   284 ||   699
       Headbutt          |     4 |    22 |    54 |    78 ||   158
Throw: Dart              |       |       |       |    13 ||    13
Invok: Divine Shield     |       |       |       |     5 ||     5
       Cleansing Flame   |       |       |       |     3 ||     3
Evoke: Wand              |       |       |       |    10 ||    10
  Use: Scroll            |     8 |     6 |     6 |     9 ||    29
       Potion            |       |     2 |     1 |     5 ||     8
Armor: Scale mail        |    37 |    44 |       |       ||    81
       Chain mail        |       |    16 |   103 |   173 ||   292
       Skin              |       |       |     1 |     1 ||     2
       Acid dragon scale |       |       |       |     9 ||     9
Dodge: Dodged            |    41 |    56 |    74 |   150 ||   321
Block: Buckler           |    27 |    37 |    66 |   160 ||   290

Table legend: (Time is in decaauts)
 A = Elapsed time spent in this place.
 B = Non-inter-level travel time spent in this place.
 C = Inter-level travel time spent in this place.
 D = Time resting spent in this place.
 E = Time spent auto-exploring this place.
 F = Levels seen in this place.
 G = Mean time per level.
                   A        B        C        D        E       F      G
               +--------+--------+--------+--------+--------+-----+--------+
         Total |  12147 |  11793 |    354 |   2903 |   6906 |  11 | 1104.3 |
       Dungeon |  12147 |  11793 |    354 |   2903 |   6906 |  11 | 1104.3 |
               +--------+--------+--------+--------+--------+-----+--------+

Top non-repeatable levels by time:
     D:8: 2351 daAuts
     D:6: 1643 daAuts
    D:10: 1444 daAuts
     D:7: 1184 daAuts
     D:3: 1031 daAuts
     D:9: 861 daAuts
     D:5: 845 daAuts
     D:4: 834 daAuts
     D:2: 828 daAuts
     D:1: 666 daAuts
    D:11: 456 daAuts
